 Dungeon Crawl Stone Soup version 0.28-a0-313-gbc0475efdd (webtiles) character file.

Game seed: 13703257135596804890

257 porpoise the Firebug (level 5, -3/38 HPs)
             Began as a Draconian Fire Elementalist on Aug 31, 2021.
             Killed by divine providence
             ... invoked by an orc priest
              (10 damage)
             ... on level 3 of the Dungeon.
             The game lasted 00:14:16 (3576 turns).

porpoise the Firebug (Draconian Fire Elementalist)  Turns: 3576, Time: 00:14:17

Health: -3/38      AC:  9    Str: 10    XL:     5   Next: 93%
Magic:  8/8        EV: 12    Int: 16    God:
Gold:   171        SH:  0    Dex: 12    Spells: 7/9 levels left

rFire   . . .      SeeInvis .   a - +0 short sword
rCold   . . .      Faith    .   (no shield)
rNeg    . . .      Spirit   .   (armour unavailable)
rPois   .          Reflect  .   (helmet restricted)
rElec   .          Harm     .   i - +0 cloak
rCorr   .          Rampage  .   (no gloves)
Will    .....                   c - +2 pair of boots
Stlth   ++........              o - amulet of magic regeneration
HPRegen 0.12/turn               n - ring of wizardry
MPRegen 0.36/turn               (no ring)

@: no status effects
A: AC +5, unfitting armour, cold-blooded
a: no special abilities


You were on level 3 of the Dungeon.
You visited 1 branch of the dungeon, and saw 3 of its levels.

You collected 171 gold pieces.

Inventory:

Hand Weapons
 a - a +0 short sword (weapon)
Missiles
 e - 64 stones
 l - 5 boomerangs (quivered)
Armour
 c - a +2 pair of boots (worn)
 i - a +0 cloak (worn)
Jewellery
 n - a ring of wizardry (left hand)
 o - an amulet of magic regeneration (around neck)
Wands
 m - a wand of iceblast (8)
Scrolls
 b - a scroll of brand weapon {unknown}
 d - a scroll of noise {unknown}
 f - 2 scrolls of identify {unknown}
 g - 2 scrolls of teleportation {unknown}
 h - a scroll of fog {unknown}
 k - a scroll of immolation {unknown}
 p - a scroll of magic mapping {unknown}
Potions
 j - a potion of resistance {unknown}


   Skills:
 - Level 0.9 Short Blades
 - Level 1.9 Dodging
 - Level 1.7 Stealth
 + Level 2.6 Spellcasting
 + Level 3.6 Conjurations
 - Level 5.0 Fire Magic


You had 7 spell levels left.
You knew the following spells:

 Your Spells              Type           Power      Damage    Failure   Level
a - Magic Dart            Conj           52%        1d5       1%          1
f - Foxfire               Conj/Fire      60%        2x1d7     1%          1

Your spell library contained the following spells:

 Spells                   Type           Power      Damage    Failure   Level
 Conjure Flame            Conj/Fire      15%        6-21      4%          3
 Animate Skeleton         Necr           4%         N/A       9%          1
 Pain                     Necr           8%         1d4       9%          1
 Inner Flame              Hex/Fire       10%        N/A       9%          3
 Call Imp                 Summ           2%         N/A       12%         2
 Sticky Flame             Conj/Fire      15%        2d4       13%         4
 Mephitic Cloud           Conj/Pois/Air  6%         N/A       14%         3
 Vampiric Draining        Necr           1%         2d6       24%         3
 Fireball                 Conj/Fire      7%         3d5       34%         5


Dungeon Overview and Level Annotations

Branches:
Dungeon (3/15)

Altars:
Wu Jian


Innate Abilities, Weirdness & Mutations

Your plain brown scales are hard. (AC +5)
You cannot fit into any form of body armour.
You are cold-blooded and may be slowed by cold attacks.


Message History

The orc wizard is lightly wounded.
The foxfire hits the orc wizard.
The orc wizard is moderately wounded.
The orc priest calls upon Beogh to heal the orc wizard.
The orc wizard's wounds heal themselves!
Casting: Foxfire (safe; 1% risk of failure)
Confirm with . or Enter, or press ? or * to list all spells.
You conjure some foxfire!
The foxfire hits the orc wizard.
The orc wizard is moderately wounded.
The orc priest looks encouraged for a moment.
The foxfire hits the orc wizard.
The orc wizard is heavily wounded.
You closely miss the orc wizard.
The orc wizard is heavily wounded.
You hit the orc wizard.
The orc wizard is heavily wounded.
The orc wizard hits you with a +0 dagger.
The orc barely misses you.
You hit the orc wizard.
The orc wizard is heavily wounded.
The orc wizard hits you but does no damage.
The orc barely misses you.
You closely miss the orc wizard.
The orc wizard is heavily wounded.
The orc wizard hits you with a +0 dagger.
The orc hits you with a +0 flail.
You hit the orc wizard.
Your tail-slap misses the orc wizard.
The orc wizard is severely wounded.
The orc wizard misses you. The orc misses you.
You barely miss the orc wizard. You tail-slap the orc wizard.
The orc wizard is severely wounded.
The orc priest invokes the aid of Beogh against you.
Beogh smites you!
* * * LOW HITPOINT WARNING * * *
The orc wizard barely misses you. The orc hits you but does no damage.
You hit the orc wizard.
You kill the orc wizard!
The orc priest calls down the wrath of Beogh upon you.
Beogh smites you!
You die...

#.#.#.#### #..........# #####.#
#.....# ####.#####.# ##.# ###.###
#.# #.# #... #.# #.# #.# #... #.#
#.# #.##### #... #.# ####
#.#####.....# #... #.# #....
#.......###.####... #.#
#.....#####..####........ ###.###
#....ooo@##..#........... ......#
#..)..##)##..#.##........ ###.#.#
#.... #.##..#.##.####... # #.#.#
#### #.##.......# #... ###.#.#
#.###.#.#### #... ....#.# #.#
#.#.# #... ......# ##.###.#.#
#... ......# #......#.# ##.#
...##.#########........########.#


You could see 2 orc priests and an orc.

Vanquished Creatures
  A water moccasin zombie (D:3)
  A jelly (D:3)
  A scorpion zombie (D:3)
  An orc wizard (D:3)
  3 gnolls (D:2)
  5 adders
  3 worms
  A dart slug (D:2)
  2 orcs
  4 ball pythons
  4 bats
  2 endoplasms (D:1)
  A giant cockroach (D:2)
  2 hobgoblins (D:2)
  14 jackals
  3 kobolds
  A quokka (D:3)
  4 frilled lizards
  7 goblins
  A rat (D:1)
61 creatures vanquished.

Vanquished Creatures (others)
  92 foxfires
92 creatures vanquished.

Grand Total: 153 creatures vanquished

Notes
Turn   | Place    | Note
-------+----------+-------------------------------------------
     0 | D:1      | porpoise the Draconian Fire Elementalist began the quest
                  | for the Orb.
     0 | D:1      | Reached XP level 1. HP: 14/14 MP: 3/3
   285 | D:1      | Learned a level 1 spell: Magic Dart
   453 | D:1      | Reached XP level 2. HP: 20/20 MP: 0/5
   568 | D:1      | Found a faded altar of an unknown god.
  1093 | D:2      | Reached XP level 3. HP: 26/26 MP: 2/6
  1300 | D:2      | Reached skill level 4 in Fire Magic
  1651 | D:2      | Reached XP level 4. HP: 28/33 MP: 4/7
  2981 | D:3      | Reached XP level 5. HP: 38/38 MP: 5/8
  3064 | D:3      | Found a transporter.
  3080 | D:3      | Found an ornate altar of the Wu Jian Council.
  3087 | D:3      | Found a transporter.
  3160 | D:3      | Reached skill level 5 in Fire Magic
  3576 | D:3      | Killed from afar by an orc priest

Illustrated notes

Levels and vault maps discovered:
D:1:      lemuel_arrival_tunnels, layout_rooms,
          hellmonk_ecumenical_altar_heavens_door
D:2:      layout_basic
D:3:      layout_loops_cross, gammafunk_temple_overflow_arena

Skill      XL: |  1  2  3  4  5 |
---------------+----------------+-----
Fire Magic     | 4 5 |  5.0
Conjurations   | 2 3 |  3.6
Short Blades   | |  0.9
Dodging        | |  1.9
Stealth        | |  1.7
Spellcasting   | |  2.6

Action                   |  1- 3 |  4- 6 || total
-------------------------+-------+-------++-------
Melee: Short sword       |    68 |    72 ||   140
       Tailslap          |     4 |    11 ||    15
Throw: Stone             |       |     1 ||     1
 Cast: Magic Dart        |    18 |    17 ||    35
       Foxfire           |    22 |    33 ||    55
Evoke: Wand              |       |     1 ||     1
 Stab: Sleeping          |       |     2 ||     2
Armor: Skin              |    45 |    33 ||    78
Dodge: Dodged            |    60 |    48 ||   108

Table legend: (Time is in decaauts)
 A = Elapsed time spent in this place.
 B = Non-inter-level travel time spent in this place.
 C = Inter-level travel time spent in this place.
 D = Time resting spent in this place.
 E = Time spent auto-exploring this place.
 F = Levels seen in this place.
 G = Mean time per level.
                   A        B        C        D        E       F      G
               +--------+--------+--------+--------+--------+-----+--------+
         Total |   3580 |   3452 |    128 |   1257 |   1460 |   3 | 1193.3 |
       Dungeon |   3580 |   3452 |    128 |   1257 |   1460 |   3 | 1193.3 |
               +--------+--------+--------+--------+--------+-----+--------+

Top non-repeatable levels by time:
     D:2: 1526 daAuts
     D:1: 1055 daAuts
     D:3: 998 daAuts
